 Dungeon Crawl Stone Soup version 0.30.1-11-g7821555f0a (webtiles) character file.

Game seed: 1413736304174317923

1976846 safid the Conqueror (level 26, 203/212 HPs)
             Began as a Gargoyle Reaver on Dec 12, 2023.
             Was an Initiate of Gozag.
             Escaped with the Orb
             ... and 3 runes on Dec 13, 2023!
             The game lasted 02:49:51 (49086 turns).

safid the Conqueror (Gargoyle Reaver)              Turns: 49086, Time: 02:49:52

Health: 203/212    AC: 43    Str: 27      XL:     26   Next: 96%
Magic:  15/31      EV: 20    Int: 12 (14) God:    Gozag
Gold:   2924       SH: 12    Dex: 14      Spells: 18/49 levels left

rFire   + . .        l - +9 demon whip (heavy)
rCold   + . .        s - +3 buckler {reflect}
rNeg    + + +        L - +2 swamp dragon scales of the Devil's Advocate {rElec rPois rF+ Str+3 Dex+3}
rPois   ∞            M - +3 helmet of Miracles {rN+ SInv}
rElec   +            h - +0 cloak of Masochism {rC- rN+ Regen+ Int+2}
rCorr   .            e - +0 pair of fencer's gloves {Riposte Dex+3}
SInv    +            Q - +2 pair of boots "Haecku" {rC+}
Will    ++...        g - amulet of regeneration
Stlth   +            W - ring of protection from cold
HPRegen 2.15/turn    v - ring of willpower
MPRegen 0.22/turn

%: random rage (9%), reflection
@: flying, studying Fighting
A: sickness immunity, AC +20, big wings, negative energy resistance 1,
electricity resistance, torment resistance 1, petrification resistance, berserk
2, deterioration 2, dopey 2, low MP 2, sense surroundings 1, robust 1, screaming
1, weak 1, no potion heal 1, inability to drink after injury 1
0: Orb of Zot
}: 3/15 runes: decaying, serpentine, abyssal
a: Renounce Religion, Potion Petition, Call Merchant, Bribe Branch


You escaped.
You worshipped Gozag.
Gozag was most pleased with you.
You visited 9 branches of the dungeon, and saw 44 of its levels.
You visited the Abyss 2 times.
You also visited: Gauntlet and Wizlab.

You collected 23635 gold pieces.
You spent 5277 gold pieces at shops.
You paid 15434 gold pieces to Gozag.

Inventory:

Hand Weapons
 l - a +9 heavy demon whip (weapon)
Missiles
 x - 7 throwing nets
 J - 15 curare-tipped darts
Armour
 e - the +0 pair of fencer's gloves (worn) {Riposte Dex+3}
   (You acquired it on level 2 of the Dungeon)

   Riposte:   It allows the wearer to riposte with melee weapons, swiftly
   retaliating against missed or blocked melee attacks.
   Dex:       It affects your dexterity (+3).
 h - the +0 cloak of Masochism (worn) {rC- rN+ Regen+ Int+2}
   (You found it in a Gauntlet)

   Int:       It affects your intelligence (+2).
   rC:        It makes you vulnerable to cold.
   rN:        It protects you from negative energy.
   Regen:     It increases your rate of health regeneration.
 s - a +3 buckler of reflection (worn)
 L - the +2 swamp dragon scales of the Devil's Advocate (worn) {rElec rPois rF+ Str+3 Dex+3}
   (You took it off a minotaur in a Gauntlet)

   Str:       It affects your strength (+3).
   Dex:       It affects your dexterity (+3).
   rF:        It protects you from fire.
   rElec:     It insulates you from electricity.
   rPois:     It protects you from poison.
 M - the +3 helmet of Miracles (worn) {rN+ SInv}
   (You found it on level 12 of the Dungeon)

   rN:        It protects you from negative energy.
   SInv:      It lets you see invisible.
 Q - the +2 pair of boots "Haecku" (worn) {rC+}
   (You found it in a Gauntlet)

   rC:        It protects you from cold.
Jewellery
 f - the ring of the Mage {Wiz Archmagi}
   (You acquired it on level 6 of the Dungeon)

   [ring of wizardry]

   It improves your spell success rate.
   Archmagi:  It increases the power of your magical spells.
 g - an amulet of regeneration (around neck)
 i - a ring of see invisible
 o - the ring of the Heavens {Drain rN+ Will+ Str+4 Dex-4}
   (You took it off a minotaur in a Gauntlet)

   [ring of willpower]

   Str:       It affects your strength (+4).
   Dex:       It affects your dexterity (-4).
   rN:        It protects you from negative energy.
   Drain:     It drains your maximum health when unequipped.
   Will:      It increases your willpower.
 v - a ring of willpower (right hand)
 N - a ring of resist corrosion
 U - a ring of protection from fire
 W - a ring of protection from cold (left hand)
Wands
 a - a wand of flame (99)
 b - a wand of paralysis (31)
 p - a wand of light (32)
 E - a wand of mindburst (19)
 P - a wand of polymorph (11)
 R - a wand of iceblast (14)
Scrolls
 d - 12 scrolls of fog
 r - 2 scrolls of silence
 w - 6 scrolls of amnesia
 y - 3 scrolls of fear
 z - 9 scrolls of teleportation
 A - 5 scrolls of blinking
 B - a scroll of magic mapping
 C - 2 scrolls of enchant armour
 K - 3 scrolls of identify
 S - a scroll of brand weapon
Potions
 c - 7 potions of invisibility
 j - 20 potions of lignification
 k - a potion of ambrosia
 m - 5 potions of haste
 n - 13 potions of curing
 q - 6 potions of magic
 t - 3 potions of cancellation
 u - 12 potions of brilliance
 D - 7 potions of might
 G - 10 potions of mutation
 H - a potion of heal wounds
 I - a potion of berserk rage
 T - a potion of resistance
Miscellaneous
 O - a lightning rod (4/4)


   Skills:
 O Level 27 Fighting
 + Level 18.9 Maces & Flails
 - Level 12.0 Armour
 + Level 17.8 Dodging
 + Level 20.6 Shields
 - Level 12.0 Spellcasting
 - Level 14.0 Conjurations
 - Level 4.0 Translocations
 - Level 8.0 Fire Magic
 - Level 8.0 Evocations


You had 18 spell levels left.
You knew the following spells:

 Your Spells              Type           Power      Damage    Failure   Level
a - Kiss of Death         Conj/Necr      96%        2d12      1%          1
b - Momentum Strike       Conj/Tloc      56%        3d9       1%          2
c - Iskenderun's Mystic   Conj/Tloc      28%        2d7       3%          4
d - Flame Wave            Conj/Fire      33%        2d10      1%          4
e - Orb of Destruction    Conj           20%        9d8       36%         7
f - Starburst             Conj/Fire      16%        6d6       22%         6
g - Blink                 Tloc           32%        N/A       4%          2
h - Fireball              Conj/Fire      16%        3d8       4%          5

Your spell library contained the following spells:

 Spells                   Type           Power      Damage    Failure   Level
 Foxfire                  Conj/Fire      100%       2x1d9     1%          1
 Shock                    Conj/Air       96%        1d9       1%          1
 Scorch                   Fire           52%        2d7       1%          2
 Static Discharge         Conj/Air       48%        2-4/arc   1%          2
 Sticky Flame             Conj/Fire      33%        2d5       1%          4
 Apportation              Tloc           32%        N/A       2%          1
 Dazzling Flash           Conj/Hex       48%        N/A       2%          3
 Hailstorm                Conj/Ice       24%        3d7       2%          3
 Volatile Blastmotes      Fire/Tloc      42%        2d13      3%          3
 Lesser Beckoning         Tloc           32%        N/A       4%          2
 Mephitic Cloud           Conj/Pois/Air  18%        N/A       6%          3
 Gell's Gravitas          Tloc           16%        N/A       8%          3
 Inner Flame              Hex/Fire       16%        N/A       8%          3
 Teleport Other           Tloc           16%        N/A       8%          3
 Fulminant Prism          Conj/Hex       12%        3d8       8%          4
 Beastly Appendage        Tmut           14%        N/A       14%         1
 Necrotise                Necr           28%        1d5       14%         1
 Slow                     Hex            28%        N/A       14%         1
 Sting                    Tmut/Pois      28%        1d4       14%         1
 Summon Small Mammal      Summ           28%        N/A       14%         1
 Ignite Poison            Fire/Tmut/Pois 13%        N/A       14%         3
 Vhi's Electric Charge    Tloc/Air       24%        N/A       19%         3
 Passwall                 Tmut/Erth      5%         N/A       21%         2
 Poisonous Vapours        Pois/Air       14%        N/A       21%         2
 Arcjolt                  Conj/Air       12%        1d22      22%         5
 Manifold Assault         Tloc           16%        N/A       26%         4
 Call Canine Familiar     Summ           7%         N/A       38%         3
 Confusing Touch          Hex            7%         N/A       38%         3
 Ozocubu's Armour         Ice            7%         N/A       38%         3
 Spider Form              Tmut/Pois      7%         N/A       38%         3
 Summon Guardian Golem    Hex/Summ       7%         N/A       38%         3
 Swiftness                Air            7%         N/A       38%         3
 Vampiric Draining        Necr           7%         2d6       38%         3
 Freezing Cloud           Conj/Ice/Air   9%         6-21      50%         5
 Conjure Ball Lightning   Conj/Air       12%        3x3d6     75%         6
 Airstrike                Air            3%         2d(1-17)  80%         4
 Anguish                  Hex/Necr       3%         N/A       80%         4
 Cause Fear               Hex            3%         N/A       80%         4
 Dispel Undead            Necr           7%         3d8       80%         4
 Ice Form                 Ice/Tmut       7%         N/A       80%         4
 Olgreb's Toxic Radiance  Pois           7%         N/A       80%         4
 Summon Ice Beast         Ice/Summ       7%         N/A       80%         4
 Summon Lightning Spire   Summ/Air       7%         N/A       80%         4
 Agony                    Necr           7%         N/A       98%         5
 Alistair's Intoxication  Tmut/Pois      4%         N/A       98%         5
 Lee's Rapid Deconstruct  Erth           3%         3d5*      98%         5
 Silence                  Hex/Air        3%         N/A       98%         5
 Summon Mana Viper        Hex/Summ       7%         N/A       98%         5
 Yara's Violent Unravell  Hex/Tmut       3%         3d4       98%         5
 Dispersal                Tloc           8%         N/A       99%         6
 Plasma Beam              Fire/Air       8%         2x1d20    99%         6
 Eringya's Noxious Bog    Tmut/Pois      3%         N/A       100%        6
 Summon Cactus Giant      Summ           3%         N/A       100%        6
 Dragon Form              Tmut           3%         N/A       100%        7
 Enfeeble                 Hex            3%         N/A       100%        7
 Monstrous Menagerie      Summ           3%         N/A       100%        7
 Spellforged Servitor     Conj/Summ      12%        N/A       100%        7
 Storm Form               Tmut/Air       3%         N/A       100%        7
 Disjunction              Tloc           8%         N/A       100%        8
 Ignition                 Fire           13%        3d6       100%        8
 Maxwell's Capacitive Co  Air            3%         ∞         100%        8
 Necromutation            Tmut/Necr      3%         N/A       100%        8
 Dragon's Call            Summ           3%         N/A       100%        9
 Polar Vortex             Ice            3%         N/A       100%        9
 Statue Form              Tmut/Erth      Unusable   N/A       N/A         6

Dungeon Overview and Level Annotations

Branches:
Dungeon (15/15)            Temple (1/1) D:4            Lair (5/5) D:9
  Swamp (4/4) Lair:3        Snake (4/4) Lair:2        Slime (0/5) Lair:5
    Orc (2/2) D:12            Elf (0/3) Orc:2        Vaults (4/5) D:14
  Crypt (0/3) Vaults:3     Depths (4/4) D:15            Zot (5/5) Depths:4
 WizLab (visited)         Gauntlet (visited)

Altars:
Ashenzari
Cheibriados
Dithmenos
Elyvilon
Fedhas
Gozag
Hepliaklqana
Kikubaaqudgha
Makhleb
Nemelex Xobeh
Okawaru
Qazlal
Ru
Sif Muna
Trog
Uskayaw
Vehumet
Wu Jian
Xom
Yredelemnul
Zin
The Shining One
Lugonu

Shops:
D:2 ?   D:5 !   D:6 *   D:8 !   D:11 ?   D:12 [   Orc:2 *?!(   Snake:4 :
Vaults:2 ([   Vaults:4 (   Zot:5 **   Depths:2 ??*(?

Portals:
Hell: Depths:1 Depths:2 Depths:3 Depths:4
Abyss: Depths:1 Depths:2 Depths:3
Pandemonium: Depths:2 Depths:3
Ziggurat: Depths:2

Annotations:
D:5 3 runed translucent doors, JumbleTraveling's ghost, amateur DrAE; lonewolfV2's ghost, novice FoFi; sigtrap's ghost, novice FoFi
D:10 3 runed translucent doors, Scypho's ghost, journeyman MiFi
Lair:5 1 runed translucent door
Vaults:1 exclusion: 2 lightning spires
Vaults:3 exclusion: orange crystal statue
Zot:1 exclusions: 3 draconian stormcallers and 2 more exclusions
Zot:4 Grunn


Innate Abilities, Weirdness & Mutations

You are immune to sickness and miasma.
Your stone body is resilient. (AC +20)
You are immune to poison.
Your large and strong wings let you fly.
You resist negative energy. (rN+)
You are resistant to electric shocks. (rElec)
You are resistant to unholy torment.
You are immune to petrification.
You have an uncontrollable temper.
Your body often deteriorates upon taking damage.
You are very dopey. (Int -4)
Your magical capacity is very low. (-20% MP)
You passively map a small area around you.
You are robust. (+10% HP)
You occasionally shout uncontrollably at your foes.
You are weak. (Str -2)
Potions are less effective at restoring your health.
You occasionally lose the ability to drink potions when taking damage.


Message History

A Tzitzimitl comes into view.
The sun demon hits you.
You are engulfed in flames.
You resist.
You hit the sun demon.
The sun demon is severely wounded.
You block the sun demon's attack.
You riposte.
You thrash the sun demon!!
You kill the sun demon!
Things that are here:
33 gold pieces; a +0 demon whip of electrocution The Tzitzimitl gestures at you.
The bolt of negative energy hits you but does no damage.
You resist.
A lorocyproca comes into view.
You yell at the lorocyproca!
A demonspawn black sun comes into view.
It is wielding a +1 vampiric demon trident.
The lorocyproca gives a chilling moan.
The Tzitzimitl is distracted by your dazzling golden aura.
The demonspawn black sun is distracted by your dazzling golden aura.
The lorocyproca hits you!
You feel your power leaking away. You block the lorocyproca's attack.
You riposte.
The demonspawn black sun shouts!
You whack the lorocyproca!
The lorocyproca is lightly wounded.
The demonspawn black sun is no longer distracted by gold.
The lorocyproca attacks as you move away!
The lorocyproca hits you but does no damage.
The lorocyproca attacks as you move away!
You block the lorocyproca's attack.
Aiming: Dig
Press: ? - help, Q - select action, (/) - cycle Shift-Dir - straight line A rock wall.
This square is covered in magical glow.
The rock shatters into small pieces.
The now-empty wand crumbles to dust.
The demonspawn black sun utters an invocation to Kikubaaqudgha.
The demonspawn black sun begins absorbing vital energies!
The lorocyproca begins absorbing vital energies!
There is a staircase leading out of the dungeon here.
The demonspawn black sun hits you from afar with a +1 vampiric demon trident!
You feel your power leaking away.
You have escaped!

# #.# #>###........# #.# # #.#
##.# #.....#..# #.# # #.# ##'##
#'###.#..# #.# # ##.# #...#
#.###.#..# #.# # #..# #...#
##>##.#..# #.# # #.## #...#
#>##.#..####.# # #.#
#...####+##.#.......# # #.#
#...##>..2..##.###..# ###.##
#...##.@.6..##.# #..####
##...#####...##.........# #......
...#.....†...##########.###.##...
##....######.#.# #...6......
####..........# #####2##...
########.### ##.###..
#.#############..6.62.
#..†..........).######
##.########.....##...##


You could see a demonspawn black sun (black mark) and a lorocyproca (black mark,
invisible).

Vanquished Creatures
  3 dread liches
  An orb of fire (Zot:5)
  Mennas (Vaults:3)
  2 juggernauts
  An ancient lich (Depths:3)
  The ghost of wilo the Conqueror, a master MfBe of Trog (Zot:5)
  A Killer Klown (Zot:2)
  Saint Roka (Vaults:2)
  the Lernaean hydra (Swamp:4)
  Xtahua (Vaults:2)
  Margery (Depths:3)
  4 caustic shrikes (Depths:4)
  Jory (Vaults:3)
  3 bone dragons
  2 golden dragons
  2 doom hounds (Zot:4)
  An electric golem (Zot:2)
  A Brimstone Fiend (D:1)
  A Hell Sentinel (D:2)
  Jorgrun (Orc:2)
  Mlioglotl (Snake:1)
  18 tentacled monstrosities
  Zenata (Vaults:3)
  2 Orb Guardians
  4 liches
  An Ice Fiend (Depths:1)
  Asterion (Snake:1)
  4 quicksilver dragons (Zot:2)
  4 death cobs
  5 shadow dragons
  9 storm dragons
  4 tentacled starspawn (Abyss:3)
  An Executioner (Depths:2)
  6 nagarajas
  Donald (Swamp:2)
  Kirke (Snake:1)
  2 tengu reavers
  Roxanne (Swamp:1)
  5 draconian knights
  7 draconian monks
  8 fire giants
  6 vault wardens
  A daeva (Abyss:3)
  Louise (Swamp:1)
  4 frost giants
  An iron dragon (Depths:3)
  2 balrugs
  Aizul (Snake:1)
  3 ghost moths
  A deep elf sorcerer (Depths:3)
  3 draconian scorchers
  3 ghouls (Swamp:4)
  A cacodemon (D:15)
  11 draconian stormcallers
  4 orc warlords
  5 draconian shifters
  11 stone giants
  26 very ugly things
  15 ironbound preservers
  7 draconian annihilators
  8 ironbound thunderhulks
  2 deep elf demonologists
  7 eleionomae
  A starflower (Abyss:3)
  3 bunyips
  2 vampire knights
  7 black draconians
  A demonspawn black sun (D:1)
  11 yellow draconians
  12 green draconians
  A deep elf annihilator (Depths:3)
  15 purple draconians
  A minotaur (Gauntlet)
  9 white draconians
  11 dire elephants
  A blizzard demon (Depths:1)
  7 spark wasps
  An orange crystal statue (WizLab)
  6 ettins
  9 red draconians
  A deep elf death mage (Vaults:1)
  A crystal guardian (Vaults:2)
  5 great orbs of eyes
  5 yaktaur captains
  10 fire dragons
  2 hell beasts (Depths:1)
  5 salamander tyrants
  2 spriggan air magi
  8 ice dragons
  Harold (D:9)
  3 rakshasas (Depths:2)
  5 vault guards
  21 hydras
  An ogre mage (D:15)
  A ghost crab (Swamp:2)
  3 catoblepae
  15 anacondas
  4 peacekeepers
  Erica (D:11)
  10 centaur warriors
  4 deep troll shamans
  9 ironbound frosthearts
  5 boulder beetles
  5 tengu warriors
  11 two-headed ogres
  17 naga warriors
  7 deep troll earth magi
  7 alligators
  5 hell hogs
  19 naga sharpshooters
  12 thrashing horrors (Abyss:3)
  5 shock serpents
  2 orc high priests
  3 spriggan berserkers
  2 vampire magi (Depths:3)
  6 salamander mystics
  A fire crab (Vaults:1)
  22 hell knights
  14 sun demons
  Sonja (Lair:3)
  9 iron trolls
  2 skysharks
  Amaemon (Lair:3)
  3 sixfirhies
  5 goliath frogs
  6 wretched stars
  An orb spider (shapeshifter) (Depths:2)
  51 deep trolls
  2 sea snakes (Vaults:1)
  3 flayed ghosts
  A death drake (Vaults:1)
  4 naga ritualists
  2 bog bodies
  2 spriggan druids
  5 glowing orange brains
  16 ironbound convokers
  15 lindwurms
  A shadow demon (Zot:5)
  2 phantasmal warriors (Depths:3)
  6 swamp dragons
  5 mana vipers
  22 wizards
  4 orc knights
  7 necromancers
  4 deep elf pyromancers
  A wolf spider zombie (D:13)
  4 shining eyes (Depths:1)
  A deep elf zephyrmancer (Vaults:1)
  6 harpies
  9 orc sorcerers
  2 will-o-the-wisps
  26 moths of wrath
  5 cyclopes
  5 oklob plants (Abyss:3)
  13 salamanders
  3 manticores
  An elephant (Lair:2)
  48 ugly things
  A worldbinder (Abyss:3)
  32 black mambas
  4 centaur zombies (D:13)
  9 guardian serpents
  A rust devil (D:15)
  22 vault sentinels
  An apocalypse crab (Abyss:3)
  A frost giant skeleton (Vaults:2)
  11 centaur skeletons
  2 gargoyles (D:12)
  A molten gargoyle (Vaults:1)
  2 torpor snails
  16 naga magi
  An orange demon (Lair:3)
  A smoke demon (Abyss:3)
  3 kobold demonologists
  24 cane toads
  7 komodo dragons
  2 efreet
  A hellion (D:14)
  2 unseen horrors
  5 rime drakes
  5 tengu conjurers (Depths:3)
  5 yaktaurs
  A tormentor (Abyss:3)
  A redback zombie (D:13)
  Psyche (D:12)
  An ice devil (D:2)
  2 human skeletons (Vaults:2)
  8 trolls
  An ancient zyme (Abyss:3)
  2 polar bears
  5 tyrant leeches
  A troll (shapeshifter) (D:10)
  6 hornets
  2 harpy skeletons (D:13)
  7 raiju
  2 dream sheep (Lair:1)
  A tarantella (Vaults:1)
  Prince Ribbit (D:5)
  17 blink frogs
  A meliai zombie (D:13)
  22 slime creatures
  5 spriggans
  An air elemental (Vaults:1)
  Sigmund (D:2)
  8 water elementals
  4 ynoxinuls
  2 large abominations (Abyss:3)
  56 yaks
  3 wraiths
  A vampire (D:14)
  2 fire elementals (Vaults:1)
  2 redbacks (Vaults:1)
  2 steam dragons
  8 basilisks
  A chaos spawn (Zot:4)
  4 small abominations
  15 vampire mosquitoes
  Menkaure (D:5)
  3 wargs
  69 nagas
  11 swamp worms
  4 acid dragons
  15 water moccasins
  37 orc warriors
  4 hell hounds
  10 swamp drakes
  4 black bears
  9 ogres
  2 sky beasts
  27 wolves
  2 centaurs
  12 bullfrogs
  6 kobold brigands
  A scorpion (D:7)
  2 gnoll sergeants
  9 wights
  12 killer bees
  10 electric eels
  2 howler monkeys (D:9)
  2 lava snakes (Vaults:1)
  2 hounds
  A jelly (D:7)
  A gnoll bouda (D:5)
  28 orc priests
  2 starcursed masses (Abyss:3)
  A sleepcap (D:7)
  Jessica (D:2)
  4 iguanas
  33 orc wizards
  A boggart zombie (D:13)
  5 hell rats (Lair:5)
  2 adders (D:5)
  20 gnolls
  4 white imps
  An ufetubus (D:6)
  A dart slug (D:2)
  3 worms
  83 orcs
  3 bats
  10 endoplasms
  A giant cockroach (D:3)
  12 goblins
  9 hobgoblins
  4 jackals
  5 ball pythons
  A frilled lizard (D:3)
  28 kobolds
  5 rats
  A butterfly (Lair:1)
  A starspawn tentacle (Abyss:3)
1784 creatures vanquished.

Vanquished Creatures (collateral kills)
  2 ancient liches (Zot:5)
  3 dread liches (Zot:5)
  2 orbs of fire (Zot:5)
  A curse toe (Zot:5)
  A doom hound (Zot:4)
  2 electric golems (Zot:5)
  4 tentacled monstrosities (Zot:5)
  16 Orb Guardians (Zot:5)
  2 quicksilver dragons (Zot:5)
  A death cob (Zot:5)
  7 storm dragons
  4 draconian knights (Zot:5)
  2 draconian monks (Zot:5)
  A ghost moth (Zot:5)
  A draconian stormcaller (Zot:5)
  2 draconian shifters (Zot:5)
  2 draconian annihilators (Zot:5)
  2 green draconians (Zot:5)
  5 black draconians
  2 red draconians
  3 yellow draconians (Zot:5)
  3 purple draconians (Zot:5)
  An obsidian statue (Zot:5)
  7 moths of wrath
76 creatures vanquished.

Vanquished Creatures (others)
  2 dread liches (Zot:5)
  An ancient lich (Zot:5)
  A Killer Klown (Zot:5)
  A curse toe (Zot:5)
  2 tentacled monstrosities (Zot:5)
  7 Orb Guardians (Zot:5)
  A death cob (Zot:2)
  A storm dragon (Zot:5)
  A draconian monk (Zot:5)
  A draconian scorcher (Zot:5)
  A draconian knight (Zot:5)
  2 draconian shifters
  A draconian annihilator (Zot:1)
  A green draconian (Zot:5)
  3 white draconians (Zot:5)
  A yellow draconian (Zot:5)
  A goliath frog (Swamp:4)
  A molten gargoyle (Vaults:1)
  A bloated husk (Swamp:2)
  A swamp worm (Swamp:1)
  An orc priest (Orc:1)
  A kobold (D:8)
  2 ball lightnings (Vaults:1)
  16 foxfires
  8 starspawn tentacles (Abyss:3)
59 creatures vanquished.

Grand Total: 1919 creatures vanquished

Notes
Turn   | Place    | Note
-------+----------+-------------------------------------------
     0 | D:1      | safid the Gargoyle Reaver began the quest for the Orb.
     0 | D:1      | Reached XP level 1. HP: 12/12 MP: 3/3
   193 | D:1      | Reached XP level 2. HP: 18/18 MP: 5/5
   657 | D:1      | Reached XP level 3. HP: 19/22 MP: 6/6
   815 | D:2      | Learned a level 2 spell: Momentum Strike
   875 | D:2      | Noticed Sigmund
   883 | D:2      | Reached skill level 3 in Fighting
   970 | D:2      | Found a hide-covered altar of Uskayaw.
  1032 | D:2      | Found Immuugh's Magic Scroll Shop.
  1045 | D:2      | Reached XP level 4. HP: 26/28 MP: 6/8
  1073 | D:2      | Bought a scroll of identify for 24 gold pieces
  1138 | D:2      | Noticed Jessica
  1143 | D:2      | Killed Jessica
  1207 | D:2      | Killed Sigmund
  1208 | D:2      | Reached skill level 4 in Fighting
  1208 | D:2      | Reached XP level 5. HP: 33/33 MP: 6/10
  1208 | D:2      | Reached XP level 6. HP: 38/38 MP: 6/11
  1284 | D:2      | Found a faded altar of an unknown god.
  1429 | D:2      | Learned a level 4 spell: Iskenderun's Mystic Blast
  1810 | D:3      | Found a shadowy altar of Dithmenos.
  1849 | D:3      | Reached skill level 1 in Armour
  1849 | D:3      | Reached skill level 5 in Conjurations
  2080 | D:3      | Reached XP level 7. HP: 44/44 MP: 12/12
  2900 | D:4      | Found a staircase to the Ecumenical Temple.
  3059 | D:5      | Entered Level 5 of the Dungeon
  3229 | D:5      | Found an ornate altar of the Wu Jian Council.
  3256 | D:5      | Found Plog's Distillery.
  3269 | D:5      | Bought a potion of heal wounds for 65 gold pieces
  3338 | Temple   | Entered the Ecumenical Temple
  3503 | Temple   | Became a worshipper of Gozag Ym Sagoz the Greedy
  3665 | D:5      | Found a runed translucent gate.
  3665 | D:5      | Found a runed translucent gate.
  3666 | D:5      | Found a runed translucent gate.
  3677 | D:5      | Noticed lonewolfV2's ghost (novice FoFi)
  3677 | D:5      | Noticed JumbleTraveling's ghost (amateur DrAE)
  3677 | D:5      | Noticed sigtrap's ghost (novice FoFi)
  3819 | D:5      | Noticed Prince Ribbit
  3836 | D:5      | Killed Prince Ribbit
  3837 | D:5      | Reached skill level 5 in Fighting
  3837 | D:5      | Reached skill level 5 in Maces & Flails
  3837 | D:5      | Reached XP level 8. HP: 34/49 MP: 12/14
  3944 | D:5      | Noticed Menkaure
  3953 | D:5      | Killed Menkaure
  4298 | D:6      | Identified a scroll of acquirement
  4299 | D:6      | Acquired the ring of the Mage {Wiz Archmagi}
  4299 | D:6      | Found the ring of the Mage {Wiz Archmagi}
  4394 | D:6      | Found Ifavumua's CLEARANCE SALE!.
  4402 | D:6      | Bought a scroll of magic mapping for 37 gold pieces
  4466 | D:6      | You fall into a shaft and drop 1 floor!
  4466 | D:7      | Found a glowing silver altar of Zin.
  4468 | D:7      | Noticed a hornet
  4478 | D:7      | Reached skill level 5 in Spellcasting
  4478 | D:7      | Reached skill level 1 in Translocations
  4485 | D:7      | Killed a hornet
  4486 | D:7      | Reached skill level 6 in Fighting
  4486 | D:7      | Reached XP level 9. HP: 47/55 MP: 12/16
  4772 | D:7      | Found a bloodstained altar of Trog.
  5501 | D:8      | Reached skill level 7 in Fighting
  5756 | D:8      | Noticed a boulder beetle
  5769 | D:8      | Killed a boulder beetle
  5770 | D:8      | Reached XP level 10. HP: 23/63 MP: 17/19
  5856 | D:8      | Found Huzayjus's Distillery.
  5865 | D:8      | Bought a potion of curing for 42 gold pieces
  5865 | D:8      | Bought a potion of degeneration for 14 gold pieces
  6100 | D:9      | Noticed a two-headed ogre
  6110 | D:9      | Killed a two-headed ogre
  6264 | D:9      | Found an iron altar of Okawaru.
  6336 | D:9      | Noticed Harold
  6349 | D:9      | Reached skill level 8 in Fighting
  6358 | D:9      | Killed Harold
  6359 | D:9      | Found a staircase to the Lair.
  6777 | D:10     | Entered Level 10 of the Dungeon
  6785 | D:10     | Noticed a two-headed ogre
  6796 | D:10     | Killed a two-headed ogre
  6861 | D:10     | Found a runed translucent gate.
  6861 | D:10     | Found a runed translucent gate.
  6861 | D:10     | Found a runed translucent gate.
  6863 | D:10     | Noticed Scypho's ghost (journeyman MiFi)
  6930 | D:10     | Reached skill level 9 in Fighting
  6935 | D:10     | Reached XP level 11. HP: 71/71 MP: 22/22
  8039 | D:8      | Bought a potion of curing for 42 gold pieces
  8039 | D:8      | Bought a potion of curing for 42 gold pieces
  8039 | D:8      | Bought a potion of curing for 42 gold pieces
  8409 | D:6      | Noticed a two-headed ogre
  8423 | D:6      | Killed a two-headed ogre
  8424 | D:6      | Reached skill level 10 in Fighting
  8752 | D:5      | Bought a potion of heal wounds for 65 gold pieces
  8839 | D:2      | Bought a scroll of identify for 24 gold pieces
  8839 | D:2      | Bought a scroll of magic mapping for 90 gold pieces
  8839 | D:2      | Bought a scroll of identify for 24 gold pieces
  8839 | D:2      | Bought a scroll of identify for 24 gold pieces
  8839 | D:2      | Bought a scroll of identify for 24 gold pieces
  8839 | D:2      | Bought a scroll of fear for 48 gold pieces
  8839 | D:2      | Bought a scroll of acquirement for 624 gold pieces
  8843 | D:2      | Reached skill level 12 in Fighting
  8843 | D:2      | Reached XP level 12. HP: 77/77 MP: 24/24
  8844 | D:2      | Acquired the +0 pair of fencer's gloves {Riposte Dex+3}
  8844 | D:2      | Found the +0 pair of fencer's gloves {Riposte Dex+3}
  9018 | Lair:1   | Entered Level 1 of the Lair of Beasts
  9253 | Lair:1   | Reached skill level 1 in Evocations
  9569 | Lair:1   | Reached skill level 5 in Armour
 10282 | Lair:2   | Reached XP level 13. HP: 78/83 MP: 25/25
 10430 | Lair:2   | Reached skill level 13 in Fighting
 10707 | Lair:2   | Found a staircase to the Snake Pit.
 11472 | Lair:3   | Learned a level 4 spell: Flame Wave
 11528 | Lair:3   | Got Sif Muna's Spellbook of Frostbite
 11566 | Lair:3   | Reached skill level 5 in Evocations
 11570 | Lair:3   | Noticed Amaemon
 11608 | Lair:3   | Killed Amaemon
 11740 | Lair:3   | Found a staircase to the Swamp.
 12015 | Lair:3   | Noticed Sonja
 12028 | Lair:3   | Killed Sonja
 12908 | Lair:4   | Reached skill level 1 in Fire Magic
 13689 | Lair:5   | Entered Level 5 of the Lair of Beasts
 13696 | Lair:5   | Reached skill level 14 in Fighting
 13698 | Lair:5   | Gained mutation: Your large and strong wings let you fly.
                  | [Gargoyle growth]
 13698 | Lair:5   | Reached XP level 14. HP: 90/96 MP: 14/26
 13844 | Lair:5   | Found a gate leading to a gauntlet.
 13872 | Gauntlet | Entered a Gauntlet
 13872 | Gauntlet | Found a transporter.
 13872 | Gauntlet | Found a transporter.
 13873 | Gauntlet | Found a transporter.
 13875 | Gauntlet | Found a transporter.
 13876 | Gauntlet | Found a transporter.
 13888 | Gauntlet | Found a transporter.
 13953 | Gauntlet | Found a transporter.
 13969 | Gauntlet | Found a transporter.
 13978 | Gauntlet | Found a transporter.
 13988 | Gauntlet | Found a transporter.
 14003 | Gauntlet | Found a transporter.
 14009 | Gauntlet | Found a transporter.
 14347 | Gauntlet | Identified the +0 cloak of Masochism {rC- rN+ Regen+ Int+2}
 14442 | Gauntlet | Identified the ring "Esinub" {rN+ Str+6 Int+3}
 14459 | Gauntlet | Identified the +2 swamp dragon scales of the Devil's
                  | Advocate {rElec rPois rF+ Str+3 Dex+3}
 14459 | Gauntlet | Identified the ring of the Heavens {Drain rN+ Will+ Str+4
                  | Dex-4}
 14508 | Gauntlet | Got Comiobb's Directory of Variation
 14515 | Gauntlet | Identified the +2 pair of boots "Haecku" {rC+}
 14641 | Lair:5   | Found a runed translucent door.
 14642 | Lair:5   | Noticed an acid blob
 14643 | Lair:5   | Noticed an acid blob
 14656 | Lair:5   | Reached skill level 1 in Shields
 14672 | Lair:5   | Noticed an acid blob
 14674 | Lair:5   | Found a staircase to the Slime Pits.
 15023 | Lair:5   | Identified the +0 ring mail "Pusucutt" {rF+ rN+ Str-2
                  | Stlth+}
 15154 | Lair:5   | Identified the amulet of the Thoughtful Yaks {Fly Regen+
                  | Int+2 Dex-4}
 15857 | D:11     | Learned a level 5 spell: Fireball
 15870 | D:11     | Learned a level 6 spell: Starburst
 16215 | D:11     | Noticed Erica
 16225 | D:11     | Killed Erica
 16493 | D:11     | Found Jymep's Magic Scroll Shoppe.
 16503 | D:11     | Bought a scroll of fear for 44 gold pieces
 16503 | D:11     | Bought a scroll of teleportation for 33 gold pieces
 16503 | D:11     | Bought a scroll of identify for 22 gold pieces
 16503 | D:11     | Bought a scroll of magic mapping for 82 gold pieces
 16503 | D:11     | Bought a scroll of brand weapon for 104 gold pieces
 16686 | D:12     | Noticed Psyche
 16691 | D:12     | Killed Psyche
 16751 | D:12     | Found a staircase to the Orcish Mines.
 16753 | D:12     | Found Aroryczy's Armour Boutique.
 16771 | D:12     | Reached skill level 10 in Conjurations
 16787 | D:12     | Identified the +3 helmet of Miracles {rN+ SInv}
 16822 | D:12     | Reached skill level 15 in Fighting
 16894 | D:12     | Reached skill level 5 in Dodging
 17283 | D:12     | Reached XP level 15. HP: 102/103 MP: 27/27
 17603 | Orc:1    | Entered Level 1 of the Orcish Mines
 17603 | Orc:1    | Noticed an orc warlord
 17619 | Orc:1    | Killed an orc warlord
 17620 | Orc:1    | Noticed an orc warlord
 17620 | Orc:1    | Paralysed by an orc sorcerer for 4 turns
 17648 | Orc:1    | Reached skill level 5 in Fire Magic
 17650 | Orc:1    | Reached skill level 10 in Armour
 17796 | Orc:1    | Killed an orc warlord
 18304 | Orc:2    | Entered Level 2 of the Orcish Mines
 18553 | Orc:2    | Found a staircase to the Elven Halls.
 18724 | Orc:2    | Paralysed by an orc sorcerer for 5 turns
 18876 | Orc:2    | Found Rugysang's Weapon Shoppe.
 18876 | Orc:2    | Found Sorghoick's Distillery.
 18877 | Orc:2    | Found Xaicsaoduqe's General Store.
 18881 | Orc:2    | Found Fouzuf's Magic Scroll Emporium.
 18929 | Orc:2    | Noticed Jorgrun
 18987 | Orc:2    | Killed Jorgrun
 19473 | Orc:2    | Found a burning altar of Makhleb.
 19540 | Orc:2    | Bought a potion of heal wounds for 65 gold pieces
 19540 | Orc:2    | Bought a potion of heal wounds for 65 gold pieces
 19544 | Orc:2    | Bought a scroll of blinking for 120 gold pieces
 19544 | Orc:2    | Bought a scroll of blinking for 120 gold pieces
 19544 | Orc:2    | Bought a scroll of teleportation for 48 gold pieces
 19544 | Orc:2    | Bought a scroll of identify for 32 gold pieces
 19544 | Orc:2    | Bought a scroll of identify for 32 gold pieces
 19544 | Orc:2    | Bought a scroll of identify for 32 gold pieces
 19809 | Swamp:1  | Entered Level 1 of the Swamp
 19809 | Swamp:1  | Identified Roxanne's Compendium of Forms
 19809 | Swamp:1  | Noticed Roxanne
 19828 | Swamp:1  | Killed Roxanne
 19876 | Swamp:1  | Learned a level 2 spell: Blink
 19903 | Swamp:1  | Reached skill level 5 in Shields
 20175 | Swamp:1  | Noticed Louise
 20181 | Abyss:3  | Cast into level 3 of the Abyss (Louise)
 20190 | Abyss:3  | Found a broken altar of Ashenzari.
 20258 | Abyss:3  | Noticed a tentacled starspawn
 20341 | Abyss:3  | Noticed a daeva
 20354 | Abyss:3  | Killed a daeva
 20365 | Abyss:3  | Reached skill level 16 in Fighting
 20370 | Abyss:3  | Noticed a lich
 20384 | Abyss:3  | Killed a lich
 20389 | Abyss:3  | Noticed a tentacled starspawn
 20401 | Abyss:3  | Killed a tentacled starspawn
 20421 | Swamp:1  | Escaped the Abyss
 20444 | Swamp:1  | Killed Louise
 20551 | Swamp:2  | Reached XP level 16. HP: 109/110 MP: 28/28
 20565 | Swamp:2  | Noticed Donald
 20579 | Swamp:2  | Killed Donald
 21618 | Swamp:3  | Identified the +5 sling of the Blind Eye {elec, rPois}
 21831 | Swamp:4  | Entered Level 4 of the Swamp
 22153 | Swamp:4  | Reached skill level 17 in Fighting
 22245 | Swamp:4  | Noticed the 27-headed Lernaean hydra
 22265 | Swamp:4  | Killed the 27-headed Lernaean hydra
 22410 | Swamp:4  | Got a decaying rune of Zot
 23130 | D:13     | Reached XP level 17. HP: 101/118 MP: 29/29
 23237 | D:13     | Got the Essays on Floating Pestilence
 23518 | D:13     | Identified the +9 rapier of Fate {flame, rPois rF++ Int-4
                  | Stlth+}
 23745 | D:13     | Found the +9 sword of Zonguldrok {reap}
 23745 | D:13     | Noticed a bone dragon
 23766 | D:13     | Killed a bone dragon
 24049 | D:14     | Reached skill level 18 in Fighting
 24161 | D:14     | Found a radiant altar of Vehumet.
 24549 | D:14     | Found a gate to the Vaults.
 24599 | D:14     | Reached skill level 19 in Fighting
 24906 | D:15     | Entered Level 15 of the Dungeon
 25066 | D:15     | Found a staircase to the Depths.
 25293 | D:15     | Found a hide-covered altar of Uskayaw.
 25771 | Snake:1  | Entered Level 1 of the Snake Pit
 26119 | Snake:1  | Reached skill level 20 in Fighting
 26243 | Snake:1  | Reached XP level 18. HP: 123/129 MP: 30/30
 26327 | Snake:1  | Noticed Kirke
 26333 | Snake:1  | Killed Kirke
 26334 | Snake:1  | Noticed Aizul
 26349 | Snake:1  | Killed Aizul
 26836 | Snake:1  | Noticed Asterion
 26853 | Snake:1  | Killed Asterion
 26880 | Snake:1  | Noticed Mlioglotl
 27334 | Snake:1  | Killed Mlioglotl
 27703 | Snake:2  | Identified the +0 long sword "Beetleslayer" {protect,
                  | Str+3}
 27914 | Snake:2  | Reached skill level 10 in Shields
 28241 | Snake:2  | Identified the +0 robe of Juxoqu {Int+4 Dex+3}
 28632 | Snake:3  | Reached skill level 15 in Maces & Flails
 29300 | Snake:3  | Found a stormy altar of Qazlal.
 29401 | Snake:4  | Entered Level 4 of the Snake Pit
 29500 | Snake:4  | Identified the +2 ring mail of Tempters {rElec rPois Regen+
                  | Stlth+}
 29700 | Snake:4  | Reached skill level 21 in Fighting
 29738 | Snake:4  | Reached XP level 19. HP: 137/137 MP: 31/31
 30102 | Snake:4  | Got a serpentine rune of Zot
 30644 | Snake:4  | Found Onnin's Book Boutique.
 31032 | Vaults:1 | Entered Level 1 of the Vaults
 31745 | Vaults:1 | Reached skill level 10 in Dodging
 31799 | Vaults:1 | Reached skill level 22 in Fighting
 32202 | Vaults:1 | Got the Secrets of Vitiation
 32398 | Vaults:1 | Got Cerebov's Notes on Fever
 32552 | Vaults:2 | Reached XP level 20. HP: 147/147 MP: 32/32
 32930 | Vaults:2 | Identified the +0 falchion of Lumyquries {drain, *Slow
                  | Will+ Str+3}
 33034 | Vaults:2 | Identified the amulet "Qureffes" {Faith rPois Dex+3}
 33036 | Vaults:2 | Noticed Saint Roka
 33072 | Vaults:2 | Killed Saint Roka
 33080 | Vaults:2 | Reached skill level 23 in Fighting
 33234 | Vaults:2 | Noticed Xtahua
 33253 | Vaults:2 | Killed Xtahua
 33352 | Vaults:2 | Found Set Yfeh's Armour Shop.
 33563 | Vaults:2 | Found Cocvy's Weapon Shop.
 33824 | Vaults:3 | Noticed Jory
 33845 | Vaults:3 | Killed Jory
 34065 | Vaults:3 | Noticed Zenata
 34076 | Vaults:3 | Killed Zenata
 34204 | Vaults:3 | Reached skill level 24 in Fighting
 34474 | Vaults:3 | Reached XP level 21. HP: 156/156 MP: 33/33
 34566 | Vaults:3 | Found a staircase to the Crypt.
 34566 | Vaults:3 | Found a basalt altar of Yredelemnul.
 34569 | Vaults:3 | Found an ancient bone altar of Kikubaaqudgha.
 35090 | Vaults:3 | Noticed Mennas
 35162 | Vaults:3 | Killed Mennas
 35457 | Vaults:4 | Found Liqiesh's Weapon Shoppe.
 35578 | Vaults:4 | Reached skill level 25 in Fighting
 36619 | Vaults:4 | Identified the +2 morningstar of Linearity {heavy, Int+3}
 36862 | Depths:1 | Entered Level 1 of the Depths
 36876 | Depths:1 | Found a magical portal.
 36895 | Depths:1 | Reached skill level 26 in Fighting
 36926 | WizLab   | Entered Wucad Mu's Monastery
 37175 | WizLab   | Found the crystal ball of Wucad Mu {*channel}
 37365 | WizLab   | Reached XP level 22. HP: 168/168 MP: 34/34
 37497 | WizLab   | Learned a level 7 spell: Orb of Destruction
 37523 | Depths:1 | Gained mutation: You occasionally shout uncontrollably at
                  | your foes. [a shining eye]
 37533 | Depths:1 | Gained mutation: Your body sometimes deteriorates upon
                  | taking damage. [a shining eye]
 37541 | Depths:1 | Gained mutation: Your magical capacity is low. (-10% MP) [a
                  | shining eye]
 37543 | Depths:1 | Found a gateway to Hell.
 37578 | Depths:1 | Reached skill level 27 in Fighting
 37586 | Depths:1 | Gained mutation: You are clumsy. (Dex -2) [a shining eye]
 37591 | Depths:1 | Gained mutation: You are very clumsy. (Dex -4) [a shining
                  | eye]
 37602 | Depths:1 | Gained mutation: You have a somewhat thin skeletal
                  | structure. (Dex +2, Stealth+) [a shining eye]
 37605 | Depths:1 | Gained mutation: Your body often deteriorates upon taking
                  | damage. [a shining eye]
 37938 | Depths:1 | Found a corrupted altar of Lugonu.
 37946 | Depths:1 | Found a one-way gate to the infinite horrors of the Abyss.
 38139 | Depths:1 | Found an ornate altar of the Wu Jian Council.
 38154 | Depths:1 | Lost mutation: Your body often deteriorates upon taking
                  | damage. [potion of mutation]
 38154 | Depths:1 | Lost mutation: You have a somewhat thin skeletal structure.
                  | (Dex +2, Stealth+) [potion of mutation]
 38154 | Depths:1 | Lost mutation: You are very clumsy. (Dex -4) [potion of
                  | mutation]
 38154 | Depths:1 | Gained mutation: You are strong-willed. (Will+) [potion of
                  | mutation]
 38155 | Depths:1 | Lost mutation: You are clumsy. (Dex -2) [potion of
                  | mutation]
 38155 | Depths:1 | Lost mutation: You occasionally shout uncontrollably at
                  | your foes. [potion of mutation]
 38155 | Depths:1 | Lost mutation: You are strong-willed. (Will+) [potion of
                  | mutation]
 38155 | Depths:1 | Gained mutation: Armour fits poorly on your strangely
                  | shaped body. [potion of mutation]
 38156 | Depths:1 | Lost mutation: Armour fits poorly on your strangely shaped
                  | body. [potion of mutation]
 38156 | Depths:1 | Lost mutation: Your body sometimes deteriorates upon taking
                  | damage. [potion of mutation]
 38156 | Depths:1 | Lost mutation: Your magical capacity is low. (-10% MP)
                  | [potion of mutation]
 38156 | Depths:1 | Gained mutation: You have hidden genetic potential. [potion
                  | of mutation]
 38156 | Depths:1 | Gained mutation: You passively map a small area around you.
                  | [potion of mutation]
 38156 | Depths:1 | Gained mutation: Your muscles are strong. (Str +4, Int/Dex
                  | -1) [potion of mutation]
 38224 | Depths:2 | Found a one-way gateway to a ziggurat.
 38224 | Depths:2 | Noticed an ancient lich
 38294 | Depths:2 | Noticed a juggernaut
 38551 | Depths:2 | Reached XP level 23. HP: 154/175 MP: 35/35
 38720 | Depths:2 | Found a one-way gate leading to the halls of Pandemonium.
 38751 | Depths:2 | Killed a juggernaut
 38902 | Depths:2 | Found a stormy altar of Qazlal.
 38982 | Depths:2 | Found Joviv's Magic Scroll Emporium.
 39010 | Depths:2 | Found Cytugh's Weapon Shoppe.
 39010 | Depths:2 | Found Joohily's Magic Scroll Emporium.
 39015 | Depths:2 | Bought a scroll of teleportation for 66 gold pieces
 39015 | Depths:2 | Bought a scroll of teleportation for 66 gold pieces
 39015 | Depths:2 | Bought a scroll of fear for 88 gold pieces
 39015 | Depths:2 | Found Evamaph's Assorted Antiques.
 39029 | Depths:2 | Bought a scroll of blinking for 75 gold pieces
 39029 | Depths:2 | Bought a scroll of blinking for 75 gold pieces
 39029 | Depths:2 | Bought a scroll of teleportation for 30 gold pieces
 39029 | Depths:2 | Bought a scroll of teleportation for 30 gold pieces
 39066 | Depths:2 | Found Goanneuj's Magic Scroll Shoppe.
 39318 | Depths:2 | Bought 2 scrolls of enchant weapon for 285 gold pieces
 39324 | Depths:2 | Bought a scroll of magic mapping for 142 gold pieces
 39699 | Depths:3 | Noticed Margery
 39702 | Depths:3 | Identified the +10 chain mail "Quull" {rF+ Int+2}
 39716 | Depths:3 | Paralysed by a floating eye for 2 turns
 39740 | Depths:3 | Paralysed by a floating eye for 3 turns
 39776 | Depths:3 | Killed Margery
 39950 | Depths:3 | You are sucked into a shaft and drop 1 floor!
 39950 | Depths:4 | Entered Level 4 of the Depths
 39969 | Depths:4 | Reached skill level 10 in Spellcasting
 40034 | Depths:4 | Noticed a caustic shrike
 40049 | Depths:4 | Noticed a caustic shrike
 40049 | Depths:4 | Noticed a caustic shrike
 40049 | Depths:4 | Noticed a caustic shrike
 40062 | Depths:4 | Noticed a juggernaut
 40066 | Depths:4 | HP: 5/175 [purple draconian shifter/bolt of dispelling
                  | energy (25)]
 40077 | Depths:3 | Gained mutation: You have a pair of small horns on your
                  | head. [hidden potential]
 40444 | Depths:3 | Found a shimmering blue altar of Sif Muna.
 40448 | Abyss:3  | Cast into level 3 of the Abyss (a wizard)
 40559 | Abyss:3  | Got an abyssal rune of Zot
 40681 | Abyss:3  | Reached XP level 24. HP: 170/181 MP: 37/37
 40695 | Depths:3 | Escaped the Abyss
 40790 | Depths:3 | Noticed a dread lich
 40795 | Depths:3 | Noticed an ancient lich
 40796 | Depths:3 | Paralysed by a dread lich for 5 turns
 40805 | Depths:3 | Killed a dread lich
 40811 | Depths:3 | Killed an ancient lich
 40816 | Depths:3 | Lost mutation: Your muscles are strong. (Str +4, Int/Dex
                  | -1) [potion of mutation]
 40816 | Depths:3 | Lost mutation: You have a pair of small horns on your head.
                  | [potion of mutation]
 40816 | Depths:3 | Lost mutation: You have hidden genetic potential. [potion
                  | of mutation]
 40816 | Depths:3 | Gained mutation: You are agile. (Dex +4, Str/Int -1)
                  | [potion of mutation]
 40816 | Depths:3 | Gained mutation: You are dopey. (Int -2) [potion of
                  | mutation]
 40816 | Depths:3 | Gained mutation: You are robust. (+10% HP) [potion of
                  | mutation]
 40816 | Depths:3 | Gained mutation: You are very robust. (+20% HP) [potion of
                  | mutation]
 40853 | Depths:3 | Got the Vellum of the Stormy Blaze
 40866 | Depths:3 | Got the Discourse on the Conjured Gestalt
 40949 | Depths:3 | Got the Precepts of Volatile Fog
 41465 | Depths:4 | Reached skill level 15 in Shields
 41520 | Depths:4 | Killed a caustic shrike
 41703 | Depths:4 | Killed a caustic shrike
 41740 | Depths:4 | Found a gate to the Realm of Zot.
 41876 | Depths:4 | Killed a caustic shrike
 42210 | Depths:4 | Found a sparkling altar of Nemelex Xobeh.
 42273 | Depths:4 | Killed a caustic shrike
 42341 | Depths:4 | Killed a juggernaut
 42426 | Zot:1    | Entered Level 1 of the Realm of Zot
 43304 | Zot:1    | Reached skill level 15 in Dodging
 43574 | Zot:2    | Reached XP level 25. HP: 89/224 MP: 39/39
 43868 | Zot:2    | Noticed a Killer Klown
 43902 | Zot:2    | Killed a Killer Klown
 46626 | Zot:4    | Noticed Grunn
 46995 | Zot:5    | Entered Level 5 of the Realm of Zot
 47058 | Zot:5    | Noticed an orb of fire
 47060 | Zot:5    | Noticed an ancient lich
 47065 | Zot:5    | Noticed a dread lich
 47070 | Zot:5    | Noticed an ancient lich
 47072 | Zot:5    | Noticed a dread lich
 47077 | Zot:5    | Noticed a Killer Klown
 47078 | Zot:5    | Noticed a dread lich
 47088 | Zot:5    | Found a runed translucent gate.
 47088 | Zot:5    | Found a runed translucent gate.
 47088 | Zot:5    | Found an opulent altar of Gozag.
 47089 | Zot:5    | Killed a dread lich
 47089 | Zot:5    | Noticed wilo's ghost (master MfBe)
 47090 | Zot:5    | Found a runed translucent gate.
 47091 | Zot:5    | Found Futotsu's Assorted Antiques.
 47091 | Zot:5    | Found Tocuotat's Assorted Antiques.
 47108 | Zot:5    | Killed a Killer Klown
 47128 | Zot:5    | Killed wilo's ghost
 47129 | Zot:5    | Reached XP level 26. HP: 113/231 MP: 39/39
 47198 | Zot:5    | Bought a potion of curing for 108 gold pieces
 47198 | Zot:5    | Bought a scroll of acquirement for 1872 gold pieces
 47198 | Zot:5    | Bought a potion of heal wounds for 180 gold pieces
 47237 | Zot:5    | Bought a potion of heal wounds for 230 gold pieces
 47237 | Zot:5    | Acquired 810 gold pieces
 47297 | Zot:5    | Noticed an orb of fire
 47304 | Zot:5    | Gained mutation: You are weak. (Str -2) [an orb of fire]
 47305 | Zot:5    | Killed an orb of fire
 47736 | Zot:5    | Noticed a dread lich
 47745 | Zot:5    | Noticed a dread lich
 47752 | Zot:5    | Killed a dread lich
 47790 | Zot:5    | Gained mutation: You sometimes lose your temper in combat.
                  | [mutagenic glow]
 47806 | Zot:5    | Gained mutation: You occasionally shout uncontrollably at
                  | your foes. [mutagenic glow]
 47814 | Zot:5    | Gained mutation: Your magical capacity is low. (-10% MP)
                  | [mutagenic glow]
 47862 | Zot:5    | Killed a dread lich
 47869 | Zot:5    | Noticed an orb of fire
 47870 | Zot:5    | Gained mutation: Your body sometimes deteriorates upon
                  | taking damage. [an orb of fire]
 47871 | Zot:5    | Gained mutation: Your body often deteriorates upon taking
                  | damage. [an orb of fire]
 47876 | Zot:5    | Killed an orb of fire
 47880 | Zot:5    | Noticed a dread lich
 47888 | Zot:5    | Killed a dread lich
 47947 | Zot:5    | Noticed an ancient lich
 47948 | Zot:5    | Noticed a dread lich
 47956 | Zot:5    | Killed an ancient lich
 47956 | Zot:5    | Killed a dread lich
 47957 | Zot:5    | Noticed an orb of fire
 47969 | Zot:5    | Gained mutation: You have an uncontrollable temper. [an orb
                  | of fire]
 47972 | Zot:5    | Gained mutation: Potions are less effective at restoring
                  | your health. [an orb of fire]
 47983 | Zot:5    | Gained mutation: You are very dopey. (Int -4) [an orb of
                  | fire]
 47990 | Zot:5    | Killed an orb of fire
 48210 | Zot:5    | Got the Orb of Zot
 48534 | Depths:1 | Gained mutation: You occasionally lose the ability to drink
                  | potions when taking damage. [a cacodemon]
 48547 | D:15     | Lost mutation: You are agile. (Dex +4, Str/Int -1) [a
                  | cacodemon]
 48548 | D:15     | Gained mutation: Your magical capacity is very low. (-20%
                  | MP) [a cacodemon]
 48608 | D:14     | Lost mutation: You are very robust. (+20% HP) [a cacodemon]
 48627 | D:13     | Noticed Baexup the pandemonium lord
 48776 | D:7      | Noticed Yruaxtik the pandemonium lord
 49086 | D:$      | Escaped with the Orb!

Illustrated notes

Levels and vault maps discovered:
D:1:      dpeg_arrival_connections, layout_loops_ring, kennysheep_doodads
D:2:      layout_basic, basic_altar, serial_shops, shop,
          ebering_ecumenical_altar_hall, guppyfry_early_lair_pool, uniq_sigmund,
          uniq_jessica
D:3:      layout_basic, grunt_dithmenos_smoke_and_mirrors
D:4:      layout_basic, minmay_temple_entry_from_below_a, kennysheep_orc_chapel
D:5:      layout_loops_cross, marbit_many_paths, gammafunk_ghost_cemetery,
          serial_shops, nicolae_shop_tiny_glass, uniq_menkaure,
          uniq_prince_ribbit1
D:6:      layout_gridville, enter_ossuary_2, nicolae_shop_clearance
D:7:      layout_gridville, lemuel_round_altar, kennysheep_little_box,
          minmay_crystal_water
D:8:      layout_basic, serial_shops, nicolae_shop_statue_plus,
          minmay_microvault
D:9:      layout_roguey, lemuel_round_altar, lair_entry_dummy, uniq_harold
D:10:     layout_gridville, gammafunk_ghost_spectres, kennysheep_generic_room_4
D:11:     layout_roguey, serial_shops, shop, uniq_erica
D:12:     layout_basic, orc_david_3, minmay_misc_feat_roman, uniq_psyche
D:13:     layout_roguey, st_stairs_5, minmay_guarded_unrand_zonguldrok
D:14:     wad_river_or_something, layout_long_grid,
          lightli_vaults_fourway_checkpoint, fiery_altar_vehumet,
          chequers_serial_rivers_small_3
D:15:     hangedman_depths_entry_civil_slaughter, layout_loops_ring,
          grunt_decor_cap, dancing_weapons_uskayaw
Temple:   minmay_crystal_spiral_temple
Lair:1:   layout_roguey, infiniplex_staircase_pool_2, serial_bayou_shore_b,
          serial_bayou_shore_b, grunt_megastairs_5, lemuel_fruit_fields
Lair:2:   layout_regular_city, nicolae_snake_entry_squirm, lemuel_fruit_fields,
          serial_bayou_shore_b, wad_woods_river_01
Lair:3:   layout_regular_city, swamp_mist_pool, uniq_sonja, uniq_amaemon
Lair:4:   layout_gridlike, serial_bayou_shore_b
Lair:5:   minmay_lair_end_frog_pond, layout_loops_ring, slime_entry_2,
          serial_bayou, serial_bayou_lake_a, serial_bayou_shore_b,
          serial_bayou_lagoon_b, serial_bayou_pond_a, serial_bayou_pond_a,
          gauntlet_entry_generic
Swamp:1:  layout_basic_swamp, evilmike_swamp_ruin_house_2, swamp_pool2,
          uniq_louise, uniq_roxanne
Swamp:2:  layout_basic_swamp, evilmike_swamp_ruin_house_1, swamp_pool3,
          hangedman_swamp_grove, uniq_donald
Swamp:3:  layout_falls_marsh, nicolae_swamp_big_swirl
Swamp:4:  swamp_old_school, layout_basic_swamp, swamp_pool5
Snake:1:  layout_grid_maze, uniq_kirke, uniq_mlioglotl, uniq_asterion,
          uniq_aizul
Snake:2:  layout_layer_cave
Snake:3:  layout_misc_corridors, basic_altar, nicolae_snake_snakes_in_the_grass
Snake:4:  minmay_snake_end_coiled, layout_basic, serial_shops, shop_fountains,
          nicolae_snake_scaly_snakehead
Orc:1:    layout_caves
Orc:2:    st_orc_mages, layout_caves, bloody_makhleb, uniq_jorgrun
Vaults:1: vaults_room_glass_cross, nicolae_vaults_little_squares_4, v_misc_9,
          nicolae_vaults_steering_wheel, nicolae_vaults_hallways_thing,
          nicolae_vaults_network_star, grunt_vaults_twisty,
          nicolae_vaults_tangram_1, v_rooms_2, nicolae_vaults_trapezoid_layered,
          v_pattern_4, v_alt_pattern_3, vaults_room_semicircle,
          nicolae_vaults_house_1, ontoclasm_vaults_ligature, layout_vaults_maze,
          serial_hangedman_research, hangedman_research_pyrotechnics,
          hangedman_research_electronics, hangedman_research_toxicology
Vaults:2: hangedman_vaults_hat, vaults_room_door_ring,
          nicolae_vaults_trapezoid_1, v_pattern_5, nicolae_vaults_double_plus_2,
          st_lattice, nicolae_vaults_lightning_bolt, vaults_standard_mumra_x,
          nicolae_vaults_taking_the_gang_shopping, ontoclasm_vaults_ring_small,
          v_misc_18, nicolae_vaults_heart-shaped_vault, layout_vaults_omnibox,
          serial_shops, shop, uniq_xtahua, uniq_saint_roka
Vaults:3: vaults_dpeg_doors, minmay_crypt_entry_necro_gods,
          hangedman_vaults_slither, grunt_vaults_hallway_short,
          nicolae_vaults_surprise_closet, nicolae_vaults_big_angled_halls,
          hangedman_vaults_capsules, vaults_mumra_hex, vaults_dpeg_encased_lava,
          nicolae_vaults_statue_guard, nicolae_vaults_mini_display_case,
          vaults_dpeg_ring, layout_vaults_chaotic_city, uniq_jory, uniq_zenata,
          uniq_mennas
Vaults:4: nicolae_vaults_little_squares_2, st_smaller_cells,
          nicolae_vaults_tangram_1, nicolae_vaults_network_square,
          nicolae_vaults_asterisk, nicolae_vaults_storage_closets_2,
          vaults_room_grid, nicolae_vaults_closet_pinwheel_5,
          grunt_vaults_hallway_short, nicolae_vaults_network_periphery,
          nicolae_vaults_offset_grid_hallway_3, vaults_room_corners,
          nicolae_vaults_trapezoid_3, nicolae_vaults_what_the_h,
          layout_vaults_big_cross, serial_shops, nicolae_shop_peninsula
Depths:1: layout_cave_pools, abyss_entry_flame_altar, kennysheep_minor_cross,
          nicolae_hell_entry_hellmouth_sunbeams, mu_enter_wizlab_1,
          pdpol_wu_jian_five_deadly_venoms, serial_bayou_shore_b
Depths:2: minmay_angry_zag, layout_cave_pools, enter_ziggurat_d, pan_entry,
          nicolae_qazlal_scattered_showers,
          nicolae_abyss_entry_one_way_or_another, hell_entry,
          nicolae_inconvenience_store, minmay_shoptagon
Depths:3: evilmike_library_of_no_secrets, layout_gridville,
          hangedman_decor_push, grunt_hell_entry_dis_old, pan_entry,
          abyss_entry, hex_tiny, minmay_staircase_windowed_small,
          serial_bayou_shore_b, uniq_margery
Depths:4: evilmike_zot_entry_diamond, layout_cave_pools, dk_noncrumbling_2,
          hell_entry, nemelex_spade_bored_becter
Zot:1:    lemuel_draconian_sentries, layout_twisted_circle
Zot:2:    layout_basic, st_stairs_8, grunt_ministairs_2
Zot:3:    layout_concentric_octagons, st_stairs_14
Zot:4:    layout_misc_corridors, grunt_megastairs_1, uniq_grunn
Zot:5:    layout_twisted_circle, ebering_ghost_gozag

Skill      XL: |  1  2  3  4  5  6  7  8  9 10 11 12 13 14 15 16 17 18 19 20 21 22 23 24 25 26 |
---------------+-------------------------------------------------------------------------------+-----
Fighting       | 3 4 5 6 7 9 12 14 15 16 17 20 21 22 24 26 27 | 27.0
Conjurations   | 4 5 6 8 10 11 12 14 | 14.0
Spellcasting   | 3 4 5 6 7 8 10 12 | 12.0
Maces & Flails | 4 5 7 8 11 12 13 14 15 16 17 18 | 18.9
Armour         | 1 2 4 5 8 9 10 11 12 | 12.0
Translocations | 1 3 4 |  4.0
Evocations     | 3 5 7 8 |  8.0
Dodging        | 3 5 6 7 8 10 12 13 15 16 17 | 17.8
Fire Magic     | 2 4 6 7 8 |  8.0
Shields        | 3 5 7 9 11 12 14 17 19 20 | 20.6

Action                     |  1- 3 |  4- 6 |  7- 9 | 10-12 | 13-15 | 16-18 | 19-21 | 22-24 | 25-27 || total
---------------------------+-------+-------+-------+-------+-------+-------+-------+-------+-------++-------
  Melee: Mace              |    69 |       |       |       |       |       |       |       |       ||    69
         Demon whip        |    29 |    79 |   366 |   467 |  1267 |  1122 |  1236 |  1190 |   638 ||  6394
         Punch             |       |       |     5 |     6 |     2 |       |       |       |       ||    13
         Headbutt          |       |       |       |       |       |       |       |    51 |       ||    51
   Cast: Kiss of Death     |     1 |       |     1 |     3 |       |       |       |       |       ||     5
         Momentum Strike   |       |     1 |     5 |     9 |    17 |       |       |     2 |       ||    34
         Flame Wave        |       |       |       |       |    20 |     6 |       |       |       ||    26
         Fireball          |       |       |       |       |    13 |     6 |     3 |     1 |       ||    23
 Invoke: Potion Petition   |       |       |       |       |     1 |       |     3 |     7 |     3 ||    14
         Bribe Branch      |       |       |       |       |       |       |       |       |     3 ||     3
  Evoke: Wand              |       |       |       |       |       |       |       |     5 |     1 ||     6
    Use: Scroll            |       |       |     8 |    16 |    18 |     2 |     2 |    19 |     5 ||    70
         Potion            |       |       |       |     2 |     7 |     1 |     9 |    15 |     2 ||    36
   Stab: Distracted        |       |       |     2 |     1 |     7 |     6 |     5 |    12 |     7 ||    40
         Invisible         |       |       |       |       |     7 |       |       |     1 |       ||     8
         Petrified         |       |       |       |       |       |     1 |       |       |       ||     1
         Confused          |       |       |       |       |       |       |       |     1 |       ||     1
 Armour: Leather armour    |    40 |    27 |   129 |   173 |   182 |       |       |       |       ||   551
         Swamp dragon scal |       |       |       |       |   299 |   664 |   569 |   654 |   296 ||  2482
  Dodge: Dodged            |    76 |    23 |   174 |   189 |   484 |   569 |   541 |   648 |   376 ||  3080
  Block: Buckler           |       |       |       |       |   194 |   484 |   362 |   517 |   285 ||  1842
         Reflection        |       |       |       |       |     8 |    44 |    20 |     9 |    13 ||    94
Riposte: Demon whip        |       |       |       |    25 |   154 |   211 |   212 |   273 |   146 ||  1021
